 Dungeon Crawl Stone Soup version 0.28-a0-1524-ge72afd5fc6 (webtiles) character file.

Game seed: 8488425513782188467

148 psuckher the Sneak (level 5, -2/42 HPs)
             Began as a Barachi Delver on Jan 17, 2022.
             Slain by a sky beast (6 damage)
             ... on level 5 of the Dungeon.
             The game lasted 00:04:06 (882 turns).

psuckher the Sneak (Barachi Delver)                  Turns: 882, Time: 00:04:06

Health: -2/42      AC:  5    Str: 16    XL:     5   Next: 30%
Magic:  5/5        EV: 12    Int: 10    God:
Gold:   52         SH:  0    Dex: 13    Spells: 4/4 levels left

rFire   . . .      SeeInvis .   a - +0 falchion
rCold   . . .      Faith    .   (no shield)
rNeg    . . .      Spirit   .   b - +0 leather armour
rPois   .          Reflect  .   (no helmet)
rElec   .          Harm     .   (no cloak)
rCorr   .          Rampage  .   (no gloves)
Will    .....      Clarity  +   (no boots)
Stlth   +++.......              (no amulet)
HPRegen 0.14/turn               (no ring)
MPRegen 0.09/turn               (no ring)

@: unable to read, slow
A: amphibious, slowness 1, strong legs 1, +LOS, iridescent scales 1, clarity,
inability to read while threatened
a: Hop


You were on level 5 of the Dungeon.
You visited 1 branch of the dungeon, and saw 1 of its levels.

You collected 52 gold pieces.

Inventory:

Hand Weapons
 a - a +0 falchion (weapon)
 h - a +0 giant spiked club
Armour
 b - a +0 leather armour (worn)
Jewellery
 i - a ring of positive energy
Wands
 g - a wand of digging (3)
Scrolls
 c - a scroll of fog
 d - 2 scrolls of magic mapping
Potions
 f - a potion of haste


   Skills:
 + Level 4.2 Fighting
 + Level 3.4 Long Blades
 + Level 0.9 Armour
 + Level 2.4 Dodging
 + Level 6.0 Stealth


You had 4 spell levels left.
You didn't know any spells.
Your spell library was empty.

Dungeon Overview and Level Annotations

Branches:
Dungeon (5/15)
 Temple: D:4-7

Altars:


Innate Abilities, Weirdness & Mutations

You are amphibious.
You cover ground slowly.
You can hop short distances.
You have an extended range of vision and can be seen from far away.
You are partially covered in iridescent scales. (AC +2)
You possess an exceptional clarity of mind.
You sometimes lose the ability to read scrolls when taking damage.


Message History

Reactivating autopickup.
The sky beast barely misses you.
You closely miss the sky beast. The sky beast closely misses you.
You closely miss the sky beast. The sky beast hits you.
The sky beast shocks you.
You barely miss the sky beast. The sky beast barely misses you.
You hit the sky beast.
The sky beast is lightly wounded.
The sky beast flickers out of sight!
Deactivating autopickup; reactivate with Ctrl-A.
Something hits you but does no damage. Something hits you.
Something shocks you.
You closely miss something.
A sky beast appears from thin air!
Reactivating autopickup.
The sky beast hits you. The sky beast shocks you.
The gnoll shouts!
You hit the sky beast.
The sky beast is moderately wounded.
The sky beast barely misses you.
You closely miss the sky beast.
The sky beast is moderately wounded.
The sky beast hits you. The sky beast shocks you.
* * * LOW HITPOINT WARNING * * *
You hit the sky beast but do no damage.
The sky beast is moderately wounded.
The sky beast flickers out of sight!
Deactivating autopickup; reactivate with Ctrl-A.
Something hits you.
* * * LOW HITPOINT WARNING * * *
Something shocks you.
* * * LOW HITPOINT WARNING * * *
It was a potion of mutation.
You feel extremely strange.
You lose the ability to read scrolls when threatened.
Your thoughts seem clearer.
Iridescent scales grow over part of your body.
Something hits you.
* * * LOW HITPOINT WARNING * * *
Something shocks you.
You feel threatened and lose the ability to read scrolls!
You die...

.........#...########......
.........#.................
.........#.#........#.###..
....................#......
#>.....$.Z................
#########g######.#.#####..
#g# #.#.# ### #{######.#.#
#@#......#.#######
#.#......#.##.....
#........#........
#.................
#).......####.(...
#...###..##....... #...#
#..##.#..... #...#
#.....#.#### #...#
#..#.##.####


You could see 2 gnolls and a bullfrog zombie.

Vanquished Creatures
  An ogre (D:5)
  A hound (D:5)
  An adder (D:5)
  A gnoll (D:5)
  A shadow imp (D:5)
  An ufetubus (D:5)
  A worm (D:5)
  A quokka (D:5)
8 creatures vanquished.

Notes
Turn   | Place    | Note
-------+----------+-------------------------------------------
     0 | D:5      | psuckher the Barachi Delver began the quest for the Orb.
     0 | D:5      | Reached XP level 1. HP: 18/18 MP: 1/1
    14 | D:5      | Noticed an ogre
    36 | D:5      | Killed an ogre
    37 | D:5      | Reached skill level 5 in Stealth
    37 | D:5      | Reached XP level 2. HP: 10/25 MP: 2/2
    37 | D:5      | Reached XP level 3. HP: 12/30 MP: 3/3
    37 | D:5      | Reached XP level 4. HP: 15/37 MP: 4/4
   502 | D:5      | Reached XP level 5. HP: 33/42 MP: 5/5
   774 | D:5      | Noticed a sky beast
   832 | D:5      | Reached skill level 6 in Stealth
   882 | D:5      | Gained mutation: You sometimes lose the ability to read
                  | scrolls when taking damage. [potion of mutation]
   882 | D:5      | Gained mutation: You possess an exceptional clarity of
                  | mind. [potion of mutation]
   882 | D:5      | Gained mutation: You are partially covered in iridescent
                  | scales. (AC +2) [potion of mutation]
   882 | D:5      | Slain by a sky beast

Illustrated notes

Levels and vault maps discovered:
D:5:      layout_basic

Skill      XL: |  1  2  3  4  5 |
---------------+----------------+-----
Fighting       | 4 |  4.2
Long Blades    | 3 |  3.4
Stealth        | 5 6 |  6.0
Armour         | |  0.9
Dodging        | |  2.4

Action                   |  1- 3 |  4- 6 || total
-------------------------+-------+-------++-------
Melee: Falchion          |    10 |    41 ||    51
       Punch             |       |     1 ||     1
  Use: Scroll            |       |     1 ||     1
       Potion            |       |     1 ||     1
 Stab: Sleeping          |     1 |     1 ||     2
Armor: Leather armour    |       |    11 ||    11
Dodge: Dodged            |     6 |    33 ||    39

Table legend: (Time is in decaauts)
 A = Elapsed time spent in this place.
 B = Non-inter-level travel time spent in this place.
 C = Inter-level travel time spent in this place.
 D = Time resting spent in this place.
 E = Time spent auto-exploring this place.
 F = Levels seen in this place.
 G = Mean time per level.
                   A        B        C        D        E       F      G
               +--------+--------+--------+--------+--------+-----+--------+
         Total |   1005 |    956 |     49 |      0 |    272 |   1 | 1005.0 |
       Dungeon |   1005 |    956 |     49 |      0 |    272 |   1 | 1005.0 |
               +--------+--------+--------+--------+--------+-----+--------+

Top non-repeatable levels by time:
     D:5: 1005 daAuts
